 Dungeon Crawl Stone Soup version 0.28-a0-1412-gf95308ed99 (webtiles) character file.

Game seed: 17647731174183791182

11044 oldriver the Geomancer (level 11, -6/95 HPs)
             Began as a Demigod Earth Elementalist on Jan 7, 2022.
             Mangled by a slime creature (14 damage)
             ... on level 11 of the Dungeon.
             The game lasted 00:25:45 (18563 turns).

oldriver the Geomancer (DgEE)                      Turns: 18563, Time: 00:25:46

Health: -6/95      AC:  6    Str:  9    XL:     11   Next: 21%
Magic:  4/27       EV: 12    Int: 29    God:
Gold:   505        SH:  0    Dex: 14    Spells: 20/26 levels left

rFire   + . .      SeeInvis .   y - +6 dire flail (spect)
rCold   + . .      Faith    .   (shield currently unavailable)
rNeg    . . .      Spirit   .   n - +0 leather armour of the Salamander {rPois rF+}
rPois   +          Reflect  .   (no helmet)
rElec   .          Harm     .   (no cloak)
rCorr   .          Rampage  .   D - +2 pair of gloves
Will    ++...                   (no boots)
Stlth   ++........              w - amulet of regeneration
HPRegen 1.05/turn               p - ring of protection from cold
MPRegen 0.20/turn               r - ring of willpower

@: no status effects
A: high mp 1, forlorn, divine attributes
a: no special abilities


You were on level 11 of the Dungeon.
You visited 1 branch of the dungeon, and saw 11 of its levels.
You also visited: Ossuary.

You collected 505 gold pieces.

Inventory:

Hand Weapons
 y - a +6 spectral dire flail (weapon)
Missiles
 t - 241 stones
Armour
 n - the +0 leather armour of the Salamander (worn) {rPois rF+}
   (You found it on level 3 of the Dungeon)

   rF:        It protects you from fire.
   rPois:     It protects you from poison.
 B - a +0 buckler
 D - a +2 pair of gloves (worn)
Jewellery
 p - a ring of protection from cold (left hand)
 r - a ring of willpower (right hand)
 w - an amulet of regeneration (around neck)
 z - a ring of poison resistance
Wands
 b - a wand of polymorph (11)
 d - a wand of flame (21)
 x - a wand of iceblast (16)
 E - a wand of charming (4)
 F - a wand of acid (8)
 J - a wand of digging (5)
Scrolls
 a - 3 scrolls of enchant armour
 e - 13 scrolls of identify
 h - 3 scrolls of fog
 k - a scroll of amnesia
 l - 7 scrolls of teleportation
 m - 3 scrolls of immolation
 s - 3 scrolls of noise
Potions
 c - 3 potions of attraction {unknown}
 f - 2 potions of degeneration {unknown}
 g - a potion of ambrosia {unknown}
 i - 3 potions of curing
 j - 3 potions of lignification {unknown}
 o - 3 potions of flight {unknown}
 q - 2 potions of might {unknown}
 u - 2 potions of cancellation {unknown}
 v - 2 potions of berserk rage {unknown}
 A - 2 potions of haste {unknown}
 C - 2 potions of brilliance {unknown}
 H - a potion of mutation {unknown}
 I - a potion of magic {unknown}
Miscellaneous
 G - a lightning rod (4/4)


   Skills:
 + Level 8.5 Fighting
 + Level 3.2 Armour
 + Level 3.7 Dodging
 - Level 1.7 Stealth
 + Level 3.1 Shields
 + Level 8.1 Spellcasting
 - Level 5.0 Conjurations
 - Level 0.8 Transmutations
 + Level 9.1 Earth Magic


You had 20 spell levels left.
You knew the following spells:

 Your Spells              Type           Power      Damage    Failure   Level
a - Sandblast             Erth           100%       2d20      1%          1
b - Passwall              Tmut/Erth      33%        N/A       1%          2
c - Stone Arrow           Conj/Erth      100%       3d13      1%          3

Your spell library contained the following spells:

 Spells                   Type           Power      Damage    Failure   Level
 Static Discharge         Conj/Air       26%        N/A       3%          2
 Petrify                  Tmut/Erth      40%        N/A       8%          4
 Animate Armour           Summ/Erth      76%        N/A       10%         4
 Gell's Gravitas          Tloc           11%        N/A       19%         3
 Teleport Other           Tloc           11%        N/A       19%         3
 Tukima's Dance           Hex            11%        N/A       19%         3
 Passage of Golubria      Tloc           11%        N/A       52%         4
 Lightning Bolt           Conj/Air       13%        1d26      52%         5
 Yara's Violent Unravell  Hex/Tmut       7%         3d5       82%         5
 Dispersal                Tloc           5%         N/A       100%        6
 Lehudib's Crystal Spear  Conj/Erth      25%        10d7      100%        8
 Maxwell's Capacitive Co  Air            5%         ∞         100%        8
 Chain Lightning          Conj/Air       13%        3d17      100%        9
 Fire Storm               Conj/Fire      13%        8d3       100%        9
 Shatter                  Erth           29%        3d24*     100%        9


Dungeon Overview and Level Annotations

Branches:
Dungeon (11/15)            Temple (0/1) D:5            Lair (0/6) D:11
    Orc (0/2) D:9         Ossuary (visited)


Innate Abilities, Weirdness & Mutations

You have an increased reservoir of magic. (+10% MP)
You shall have no god before yourself.
Your divine heritage dramatically boosts your attributes as you level up.


Message History

You sock the slime creature!
The slime creature is severely wounded.
Your +6 spectral dire flail hits the slime creature!!
You kill the slime creature!
A gargoyle comes into view. It is wielding a +0 mace.
A slime creature comes into view.
The slime creature quivers.
The gargoyle hurls a stone arrow at you.
The stone arrow hits you!
You see here a troll corpse.
Found a fuming blue potion.
Found an escape hatch in the ceiling.
You don't have enough magic to cast this spell.
The gargoyle hurls a stone arrow at you.
The stone arrow hits you!
You hit the gargoyle.
The gargoyle is lightly damaged.
Your +6 spectral dire flail completely misses the gargoyle.
The gargoyle misses you.
You barely miss the gargoyle.
The gargoyle is lightly damaged.
Your +6 spectral dire flail hits the gargoyle.
The gargoyle misses you. The gargoyle barely misses you.
You hit the gargoyle but do no damage.
The gargoyle is moderately damaged.
Your +6 spectral dire flail hits the gargoyle.
The slime creature hits you. The gargoyle completely misses you.
You barely miss the gargoyle.
The gargoyle is moderately damaged.
Your +6 spectral dire flail hits the gargoyle.
The slime creature completely misses you.
The gargoyle hits you with a +0 mace!
You hit the gargoyle but do no damage.
The gargoyle is heavily damaged.
Your +6 spectral dire flail hits the gargoyle.
The slime creature hits you!!
* * * LOW HITPOINT WARNING * * *
The gargoyle hits you with a +0 mace!!
* * * LOW HITPOINT WARNING * * *
The slime creature hits you!
You die...

...<.....# #.#....
.........#
##.#....
..........#
###..#....
..........#
#...###...
..........#
#.###...##
..........#
###.###.####
......#<..#
#[..#...# #
......#J..#
#.###.### #
......9@†.# #.#
#.# ###
......#(.## #.#
#.# ##.. ....!
#..# ##.###.# #..#
....
#..###..#...###.##
...
#...##.##.##....##
##
#.#....##.#..#####
#.###.......#.....
#.###.........####
##.#...#..#..###


You could see a slime creature, a gargoyle and a friendly +6 spectral dire flail
(summoned).

Vanquished Creatures
  2 two-headed ogres
  An unseen horror (D:10)
  Psyche (D:8)
  A troll (D:11)
  3 meliai (D:10)
  2 slime creatures (D:11)
  Sigmund (D:4)
  A shadow (D:9)
  A wraith (Ossuary)
  A wyvern (D:9)
  6 yaks
  2 steam dragons
  3 acid dragons
  2 swamp worms (D:9)
  Edmund (D:3)
  4 water moccasins
  2 sky beasts
  7 orc warriors
  2 ice beasts
  7 necrophages (D:7)
  2 ogres (D:6)
  2 centaurs
  A phantom (D:5)
  3 kobold brigands
  3 bullfrogs
  5 scorpions
  25 wights
  5 howler monkeys
  4 centaur zombies
  3 jellies (D:2)
  5 hounds
  2 bullfrog skeletons
  A gnoll shaman (D:7)
  5 orc priests
  A centaur skeleton (D:5)
  3 iguanas
  6 orc wizards
  2 scorpion zombies
  2 killer bee zombies (D:8)
  2 hound zombies
  A hound skeleton (D:4)
  11 mummies
  Robin (D:3)
  8 gnolls
  4 adders
  A white imp (D:7)
  An ufetubus (D:5)
  An adder zombie (D:4)
  3 worms
  2 dart slugs
  46 orcs
  2 ball pythons
  12 endoplasms
  2 giant cockroaches
  15 goblins
  13 hobgoblins
  6 jackals
  29 kobolds
  4 quokkas
  7 bats
  3 frilled lizards (D:1)
  5 goblin zombies (Ossuary)
  5 hobgoblin zombies (Ossuary)
  A jackal zombie (D:4)
  A kobold zombie (Ossuary)
  11 rats
327 creatures vanquished.

Vanquished Creatures (others)
  2 fungi (D:2)
  3 plants (D:9)
  9 toadstools (D:2)
  12 withered plants (D:7)
26 creatures vanquished.

Grand Total: 353 creatures vanquished

Notes
Turn   | Place    | Note
-------+----------+-------------------------------------------
     0 | D:1      | oldriver the Demigod Earth Elementalist began the quest for
                  | the Orb.
     0 | D:1      | Reached XP level 1. HP: 14/14 MP: 5/5
   485 | D:1      | Reached XP level 2. HP: 15/22 MP: 2/7
   660 | D:1      | You fall into a shaft and drop 1 floor!
   676 | D:1      | Reached skill level 3 in Earth Magic
   777 | D:1      | Reached skill level 1 in Fighting
  1370 | D:1      | Reached XP level 3. HP: 28/28 MP: 6/9
  2302 | D:2      | Learned a level 2 spell: Passwall
  2306 | D:2      | Learned a level 3 spell: Stone Arrow
  2961 | D:2      | Identified the +4 ring mail of Anuenuz {rCorr Str+2 Int-5}
  3578 | D:2      | Reached XP level 4. HP: 34/36 MP: 6/10
  3626 | D:2      | Reached skill level 1 in Conjurations
  3914 | D:2      | Reached XP level 5. HP: 41/41 MP: 9/12
  4795 | D:3      | Identified the +0 leather armour of the Salamander {rPois
                  | rF+}
  4911 | D:3      | Noticed Robin
  5293 | D:3      | Killed Robin
  6179 | D:3      | Reached skill level 4 in Earth Magic
  6276 | D:3      | Reached XP level 6. HP: 50/50 MP: 9/13
  6514 | D:4      | Noticed a water moccasin
  7329 | D:4      | Killed a water moccasin
  7330 | D:4      | Reached XP level 7. HP: 57/57 MP: 0/15
  7935 | D:4      | Noticed Sigmund
  7940 | D:4      | Killed Sigmund
  8010 | D:4      | Noticed Edmund
  8043 | D:3      | Killed Edmund
  8044 | D:3      | Reached skill level 5 in Earth Magic
  8207 | D:5      | Entered Level 5 of the Dungeon
  8533 | D:5      | Reached XP level 8. HP: 46/66 MP: 6/18
  8903 | D:5      | Found a staircase to the Ecumenical Temple.
  9715 | D:5      | Reached skill level 5 in Fighting
  9715 | D:5      | Reached skill level 5 in Spellcasting
  9809 | D:6      | Reached skill level 6 in Earth Magic
 10058 | D:6      | Reached skill level 5 in Conjurations
 10413 | D:6      | Reached XP level 9. HP: 66/74 MP: 14/21
 11409 | D:7      | Reached skill level 7 in Earth Magic
 13064 | D:8      | Noticed Psyche
 13091 | D:7      | Reached XP level 10. HP: 83/86 MP: 4/24
 13291 | D:8      | Reached skill level 8 in Earth Magic
 13378 | D:8      | Found a sand-covered staircase.
 13389 | Ossuary  | Entered an ossuary
 15042 | D:8      | Killed Psyche
 15043 | D:8      | Reached skill level 1 in Armour
 15153 | D:9      | Reached skill level 1 in Shields
 16508 | D:9      | Found a staircase to the Orcish Mines.
 17179 | D:10     | Entered Level 10 of the Dungeon
 17511 | D:10     | Noticed a two-headed ogre
 17524 | D:10     | Killed a two-headed ogre
 17525 | D:10     | Reached XP level 11. HP: 88/95 MP: 16/27
 18003 | D:11     | Noticed a two-headed ogre
 18009 | D:11     | Killed a two-headed ogre
 18010 | D:11     | Reached skill level 9 in Earth Magic
 18460 | D:11     | Found a staircase to the Lair.
 18563 | D:11     | Mangled by a slime creature

Illustrated notes

Levels and vault maps discovered:
D:1:      dpeg_arrival_ratfight, layout_loops_ring,
          hellmonk_ecumenical_altar_pennies_from_heaven
D:2:      cheibrodos_fertilizer, layout_basic
D:3:      layout_basic, uniq_robin
D:4:      layout_basic, fedhas_altar_4, lemuel_mausoleum_altar_kikubaaqudgha,
          nicolae_qazlal_scattered_showers, sigmund_edmund_badplayer
D:5:      layout_basic, minmay_temple_entry_tees, chequers_jeans
D:6:      layout_basic
D:7:      layout_loops_ring, nicolae_sif_muna_little_library, serial_undead,
          serial_undead_f, serial_undead_d, serial_undead_e, serial_undead_e,
          serial_undead_e, serial_undead_b, serial_undead_b, serial_undead_a,
          serial_undead_c, serial_undead_c, minivault_5
D:8:      layout_rooms, ashenzari_altar_1,
          nicolae_ossuary_entry_false_entrances, uniq_psyche
D:9:      layout_layer_cave, hiddenorc1_lemuel, worms_lemuel
D:10:     layout_basic, kennysheep_little_box, lemuel_doored_altar,
          roderic_roman_lattice
D:11:     layout_rooms, lair_entry_dummy

Skill      XL: |  1  2  3  4  5  6  7  8  9 10 11 |
---------------+----------------------------------+-----
Spellcasting   | 2 3 4 5 7 8 |  8.1
Earth Magic    | 3 4 5 6 7 8 9 |  9.1
Fighting       | 1 2 3 4 5 7 8 |  8.5
Conjurations   | 1 2 3 5 |  5.0
Dodging        | 3 |  3.7
Armour         | 2 3 |  3.2
Shields        | 2 3 |  3.1
Stealth        | |  1.7
Transmutations | |  0.8

Action                   |  1- 3 |  4- 6 |  7- 9 | 10-12 || total
-------------------------+-------+-------+-------+-------++-------
Melee: Unarmed           |    42 |       |       |       ||    42
       Dagger            |    92 |       |       |       ||    92
       Short sword       |     8 |   145 |    26 |       ||   179
       Punch             |     1 |       |       |       ||     1
       Dire flail        |       |       |    16 |    14 ||    30
 Cast: Sandblast         |    59 |    40 |    47 |     3 ||   149
       Stone Arrow       |       |    14 |   131 |   183 ||   328
       Passwall          |       |       |       |     1 ||     1
  Use: Scroll            |       |       |     2 |     8 ||    10
       Potion            |       |       |       |     2 ||     2
 Stab: Sleeping          |     1 |     3 |       |       ||     4
Armor: Robe              |    26 |    16 |    11 |       ||    53
       Leather armour    |       |       |     9 |     6 ||    15
Dodge: Dodged            |   114 |    96 |    68 |    31 ||   309

Table legend: (Time is in decaauts)
 A = Elapsed time spent in this place.
 B = Non-inter-level travel time spent in this place.
 C = Inter-level travel time spent in this place.
 D = Time resting spent in this place.
 E = Time spent auto-exploring this place.
 F = Levels seen in this place.
 G = Mean time per level.
                   A        B        C        D        E       F      G
               +--------+--------+--------+--------+--------+-----+--------+
         Total |  18641 |  17976 |    665 |   6176 |   8889 |  12 | 1553.4 |
       Dungeon |  17958 |  17293 |    665 |   5985 |   8621 |  11 | 1632.5 |
       Ossuary |    682 |    682 |      0 |    191 |    268 |   1 |  682.0 |
               +--------+--------+--------+--------+--------+-----+--------+

Top non-repeatable levels by time:
     D:1: 2808 daAuts
     D:7: 2192 daAuts
     D:3: 2064 daAuts
     D:2: 1881 daAuts
     D:9: 1811 daAuts
     D:5: 1586 daAuts
     D:4: 1479 daAuts
     D:6: 1400 daAuts
     D:8: 1347 daAuts
    D:10: 748 daAuts
 Ossuary: 682 daAuts
    D:11: 637 daAuts
